 Dungeon Crawl Stone Soup version 0.28-a0-655-g4eb62b627b (webtiles) character file.

Game seed: 14512986510647645588

940 ytrimaz the Cleaver (level 7, -6/64 HPs)
             Began as a Minotaur Berserker on Oct 12, 2021.
             Was a Priest of Trog.
             Splashed by a jelly's acid (10 damage)
             ... on level 4 of the Dungeon.
             The game lasted 00:06:33 (4485 turns).

ytrimaz the Cleaver (Minotaur Berserker)            Turns: 4485, Time: 00:06:34

Health: -6/64      AC:  0    Str: 23    XL:     7   Next: 88%
Magic:  6/6        EV: 12    Int:  4    God:    Trog [***...]
Gold:   362        SH:  4    Dex: 10    Spells: 6/6 levels left

rFire   . . .      SeeInvis .   a - +0 hand axe (drain)
rCold   . . .      Faith    .   h - +0 buckler
rNeg    + . .      Spirit   .   b - +0 animal skin
rPois   .          Reflect  .   (helmet restricted)
rElec   .          Harm     .   (no cloak)
rCorr   .          Rampage  .   c - +0 pair of gloves
Will    .....                   (no boots)
Stlth   +.........              (no amulet)
HPRegen 0.20/turn               n - ring of positive energy
MPRegen 0.10/turn               (no ring)

@: about to teleport, corroded, on berserk cooldown, flying (expiring), slowed,
very slow
A: horns 2, retaliatory headbutt
a: Renounce Religion, Berserk, Trog's Hand


You were on level 4 of the Dungeon.
You worshipped Trog.
Trog was most pleased with you.
You visited 2 branches of the dungeon, and saw 7 of its levels.

You collected 362 gold pieces.

Inventory:

Hand Weapons
 a - a +0 hand axe of draining (weapon)
 p - a +0 war axe
Missiles
 e - a throwing net (quivered)
Armour
 b - a +0 animal skin (worn)
 c - a +0 pair of gloves (worn)
 h - a +0 buckler (worn)
Jewellery
 n - a ring of positive energy (left hand)
 s - an amulet of magic regeneration
Wands
 m - a wand of polymorph (9)
Scrolls
 d - 2 scrolls of identify
 l - 2 scrolls of teleportation
 o - a scroll of noise
 r - a scroll of magic mapping {unknown}
Potions
 f - a potion of magic
 g - a potion of haste
 i - a potion of attraction
 k - a potion of mutation


   Skills:
 * Level 6.5 Fighting
 * Level 8.3 Axes
 + Level 2.5 Armour
 + Level 4.3 Dodging
 * Level 3.4 Shields


You had 6 spell levels left.
You didn't know any spells.
Your spell library was empty.

Dungeon Overview and Level Annotations

Branches:
Dungeon (6/15)             Temple (1/1) D:4

Altars:
Ashenzari
Cheibriados
Dithmenos
Elyvilon
Fedhas
Hepliaklqana
Kikubaaqudgha
Nemelex Xobeh
Qazlal
Sif Muna
Trog
Xom
The Shining One


Innate Abilities, Weirdness & Mutations

You have a pair of horns on your head.
You reflexively headbutt those who attack you in melee.


Message History

You feel sick.
You see here a +0 spear of venom.
You feel a strong urge to attack something.
You feel sick. The gnoll closely misses you. You furiously retaliate!
You headbutt the gnoll!
You kill the gnoll!
Trog accepts your kill. The gnoll barely misses you.
You feel sick.
You see here a +0 spear.
You feel your anger nearly subside.
You are no longer berserk.
You are exhausted.
You feel yourself slow down.
You feel sick.
You feel sick.
You feel sick.
Things that are here:
a scorpion corpse; a hobgoblin corpse You feel sick.
You are no longer poisoned.
The gnoll barely misses you. The jelly hits you but does no damage.
You see here a jackal corpse.
The gnoll closely misses you. The jelly barely misses you.
You block the gnoll's attack. The jelly hits you but does no damage.
You are starting to lose your buoyancy.
The jelly hits you.
* * * LOW HITPOINT WARNING * * *
You are splashed with acid!
* * * LOW HITPOINT WARNING * * *
A jelly comes into view.
The gnoll hits you but does no damage.
As you read the scroll of teleportation, it crumbles to dust.
You feel strangely unstable.
The jelly quivers.
The jelly hits you.
* * * LOW HITPOINT WARNING * * *
The acid corrodes you!
You are splashed with acid!
You die...

...##.....##......#........#....)
...#.8...8.#......#........#.....
..................#..............
.......)........[.#..............
..).)..†.†........#.....8.8†8....
...#.8.)†8.##....###..#..⌠.⌠....#
...##.....###..g.###..#.8.>.8...#
...###...## #..J.........⌠.⌠.....
....+...... +...@.......8.8.8....
....#.......#....................
....#.......#....................
######..##.##.##..##.##....##...#
#..# .#####..########## #### J...
..... .....


You could see 2 jellies and a gnoll.

Vanquished Creatures
  2 black bears
  An ice beast (D:5)
  A sky beast (D:5)
  3 scorpions (D:4)
  A howler monkey (D:3)
  2 hounds (D:5)
  A jelly (D:5)
  An orc priest (D:5)
  Ijyb (D:3)
  An iguana (D:4)
  An orc wizard (D:5)
  A hound zombie (D:5)
  2 adders
  2 gnolls (D:4)
  A shadow imp (D:5)
  2 white imps
  An adder skeleton (D:4)
  2 dart slugs
  12 orcs
  3 bats
  6 endoplasms
  3 giant cockroaches
  8 hobgoblins
  8 jackals
  2 quokkas
  3 ball pythons (D:1)
  3 frilled lizards
  9 goblins
  5 kobolds
  5 rats
93 creatures vanquished.

Notes
Turn   | Place    | Note
-------+----------+-------------------------------------------
     0 | D:1      | ytrimaz the Minotaur Berserker began the quest for the Orb.
     0 | D:1      | Reached XP level 1. HP: 19/19 MP: 0/0
   116 | D:1      | Reached skill level 4 in Axes
   118 | D:1      | Reached XP level 2. HP: 19/27 MP: 1/1
   671 | D:1      | Reached ** piety under Trog
   736 | D:1      | Reached XP level 3. HP: 29/33 MP: 2/2
  1203 | D:2      | Found a faded altar of an unknown god.
  1724 | D:3      | Noticed a black bear
  1736 | D:3      | Killed a black bear
  1737 | D:3      | Reached skill level 5 in Axes
  1737 | D:3      | Reached skill level 1 in Shields
  1737 | D:3      | Reached XP level 4. HP: 27/41 MP: 3/3
  1737 | D:3      | Reached XP level 5. HP: 31/47 MP: 4/4
  1910 | D:3      | Reached skill level 5 in Fighting
  2050 | D:3      | Found an ancient bone altar of Kikubaaqudgha.
  2064 | D:3      | Noticed Ijyb
  2080 | D:3      | Killed Ijyb
  2208 | D:3      | You fall into a shaft and drop 3 floors!
  2220 | D:6      | Noticed a sky beast
  2228 | D:5      | Entered Level 5 of the Dungeon
  2239 | D:5      | Killed a sky beast
  2240 | D:5      | Reached skill level 6 in Axes
  2240 | D:5      | Reached XP level 6. HP: 24/56 MP: 5/5
  2508 | D:5      | Noticed an ice beast
  2521 | D:5      | Killed an ice beast
  3009 | D:5      | Reached skill level 7 in Axes
  3204 | D:5      | Reached XP level 7. HP: 62/62 MP: 6/6
  3823 | D:3      | Found a faded altar of an unknown god.
  3827 | D:3      | Found a hazy altar of Hepliaklqana.
  3829 | D:3      | Found a faded altar of an unknown god.
  3847 | D:3      | Found a shadowy altar of Dithmenos.
  4161 | D:4      | Found a snail-covered altar of Cheibriados.
  4201 | D:4      | Found a staircase to the Ecumenical Temple.
  4206 | D:4      | Reached *** piety under Trog
  4230 | Temple   | Entered the Ecumenical Temple
  4448 | D:4      | Reached skill level 8 in Axes
  4466 | D:4      | HP: 3/64 [poisoned by a gnoll]
  4485 | D:4      | Splashed by a jelly's acid

Illustrated notes

Levels and vault maps discovered:
D:1:      onia_arrival_mini_spirals, layout_loops_ring
D:2:      layout_loops_ring, shapermc_ecumenical_altar_ellora
D:3:      layout_loops_ring, grunt_dithmenos_smoke, amcnicky_altar_gilded,
          nicolae_hepliaklqana_ecumenical_no_more, uniq_ijyb
D:4:      layout_gridville, old_standard_altar, mainiacjoe_overflow_24_doors,
          minmay_temple_entry_statues_fountains, chequers_jeans,
          wad_floor_pattern_untrapped
D:5:      layout_loops_ring, lemuel_mausoleum_altar_yredelemnul,
          hangedman_glass_teeth
D:6:      layout_cave_pools, mainiacjoe_overflow_brackets, serial_gnoll_camp,
          gnoll_camp_mini_shop, gnoll_camp_mini_loothouse, gnoll_camp_mini_hut,
          gnoll_camp_mini_hut
Temple:   nicolae_temple_figure_zero

Skill      XL: |  1  2  3  4  5  6  7 |
---------------+----------------------+-----
Axes           | 4 5 6 7 8 |  8.3
Fighting       | 4 5 6 |  6.5
Shields        | 1 2 3 |  3.4
Dodging        | 3 4 |  4.3
Armour         | |  2.5

Action                   |  1- 3 |  4- 6 |  7- 9 || total
-------------------------+-------+-------+-------++-------
Melee: Hand axe          |    76 |    63 |    56 ||   195
       Headbutt          |    10 |     9 |    14 ||    33
Invok: Berserk           |     1 |     1 |     1 ||     3
       Trog's Hand       |     1 |       |       ||     1
  Use: Scroll            |     5 |     1 |     8 ||    14
       Potion            |       |       |     2 ||     2
Armor: Animal skin       |    19 |    11 |    11 ||    41
Dodge: Dodged            |    57 |    32 |    46 ||   135
Block: Buckler           |     2 |     8 |    12 ||    22

Table legend: (Time is in decaauts)
 A = Elapsed time spent in this place.
 B = Non-inter-level travel time spent in this place.
 C = Inter-level travel time spent in this place.
 D = Time resting spent in this place.
 E = Time spent auto-exploring this place.
 F = Levels seen in this place.
 G = Mean time per level.
                   A        B        C        D        E       F      G
               +--------+--------+--------+--------+--------+-----+--------+
         Total |   4517 |   4411 |    106 |    332 |   3268 |   7 |  645.3 |
       Dungeon |   4374 |   4277 |     97 |    332 |   3136 |   6 |  729.0 |
        Temple |    142 |    133 |      9 |      0 |    132 |   1 |  142.0 |
               +--------+--------+--------+--------+--------+-----+--------+

Top non-repeatable levels by time:
     D:5: 1251 daAuts
     D:3: 1095 daAuts
     D:1: 1028 daAuts
     D:2: 695 daAuts
     D:4: 283 daAuts
  Temple: 142 daAuts
     D:6: 19 daAuts
